 Dungeon Crawl Stone Soup version 0.21.1-1-g345015fe64 (webtiles) character file.

156 Gargoyl the Skirmisher (level 5, -1/45 HPs)
             Began as a Centaur Abyssal Knight on Mar 2, 2018.
             Was a Believer of Lugonu.
             Slain by a river rat (5 damage)
             ... on level 3 of the Dungeon.
             The game lasted 00:04:05 (2675 turns).

Gargoyl the Skirmisher (Centaur Abyssal Knight)     Turns: 2675, Time: 00:04:05

Health: -1/45      AC:  6    Str: 15    XL:     5   Next: 15%
Magic:  7/7        EV:  9    Int: 11    God:    Lugonu [**....]
Gold:   98         SH:  0    Dex:  9    Spells: 4/4 levels left

rFire    . . .     SeeInvis .   a - +2 hand axe
rCold    . . .     Gourm    .   (no shield)
rNeg     . . .     Faith    .   b - +0 leather armour
rPois    .         Spirit   .   (no helmet)
rElec    .         Reflect  .   (no cloak)
rCorr    .         Harm     .   e - +1 pair of gloves
MR       .....                  (no barding)
Stlth    +.........             (no amulet)
HPRegen  0.15/turn              (no ring)
MPRegen  0.10/turn              (no ring)

@: very slow
A: large, hooves 3, deformed body, speed 2, tough skin 3
a: Depart the Abyss, Bend Space, Renounce Religion


You were on level 3 of the Dungeon.
You worshipped Lugonu.
Lugonu was pleased with you.
You were not hungry.

You visited 1 branch of the dungeon, and saw 3 of its levels.
You visited the Abyss 1 time.

You collected 98 gold pieces.

Inventory:

Hand Weapons
 a - a +2 hand axe (weapon)
Armour
 b - a +0 leather armour (worn)
 e - a +1 pair of gloves (worn)
Scrolls
 d - 2 scrolls of teleportation
 g - a scroll of amnesia {unknown}
 h - a scroll of fear
 k - a scroll of identify
Potions
 f - 2 potions of curing
 i - a potion of flight {unknown}
 m - a potion of ambrosia {unknown}
Books
 j - a book of Necromancy

   Spells                             Type                      Level
   a - Pain                           Necromancy                   1
   b - Animate Skeleton               Necromancy                   1
   c - Vampiric Draining              Necromancy                   3
   d - Regeneration                   Charms/Necromancy            3
   e - Animate Dead                   Necromancy                   4
   f - Borgnjor's Vile Clutch         Necromancy/Earth             5
Comestibles
 c - 14 rations
 l - 7 chunks of flesh


   Skills:
 + Level 3.6 Fighting
 + Level 3.1 Axes
 * Level 2.2 Armour
 + Level 1.2 Dodging
 * Level 3.1 Invocations


You had 4 spell levels left.
You didn't know any spells.

Dungeon Overview and Level Annotations

Branches:
Dungeon (3/15)

Altars:
Cheibriados
Trog


Innate Abilities, Weirdness & Mutations

You have hooves in place of feet.
Armour fits poorly on your strangely shaped body.
You cover ground very quickly.
You have extremely tough skin. (AC +3)


Message History

The river rat bites you.
* * * LOW HITPOINT WARNING * * *
You hit the river rat.
The river rat is severely wounded.
The river rat barely misses you.
You closely miss the river rat.
The river rat is severely wounded.
The river rat barely misses you.
You hit the river rat. Your kick misses the river rat.
The river rat is almost dead.
The river rat closely misses you. The river rat bites you.
* * * LOW HITPOINT WARNING * * *
You closely miss the river rat. Your kick misses the river rat.
The river rat is almost dead.
The river rat bites you.
* * * LOW HITPOINT WARNING * * *
You closely miss the river rat.
The river rat is almost dead.
The river rat bites you.
You die...

###### #≈≈#≈#
##≈#≈# ##≈#≈#
#≈≈#≈# #÷##r#
#≈≈@≈# #≈#≈####
#####
#≈≈≈††≈###...### ##
..########≈# ......
.... ##≈≈≈≈≈≈≈≈≈#
#...# #.##
#.≈≈#≈#†######...#
#.##
#..≈.≈≈≈≈≈..##...#
#.##
.......≈..†......##
#.##
.............##...#
###.##


You could see a river rat.

Vanquished Creatures
  7 adders
  2 river rats (D:3)
  5 worms
  3 leopard geckos
  2 bats
  3 giant cockroaches
  5 goblins
  6 hobgoblins
  4 jackals (D:1)
  8 kobolds
  A quokka (D:3)
  14 rats
60 creatures vanquished.

Vanquished Creatures (others)
  A bat (D:3)
1 creature vanquished.

Grand Total: 61 creatures vanquished

Notes
Turn   | Place    | Note
-------+----------+-------------------------------------------
     0 | Abyss:1  | Gargoyl the Centaur Abyssal Knight began the quest for the Orb.
     0 | Abyss:1  | Reached XP level 1. HP: 19/19 MP: 2/2
    69 | Abyss:1  | Noticed a tentacled starspawn
   191 | Abyss:1  | Noticed a spatial maelstrom
   192 | Abyss:1  | Noticed a spatial vortex
   197 | Abyss:1  | Noticed a spatial vortex
   198 | Abyss:1  | Noticed a spatial vortex
   200 | D:1      | Escaped the Abyss
   578 | D:1      | Reached XP level 2. HP: 17/26 MP: 3/3
   599 | D:1      | Reached * piety under Lugonu
  1058 | D:1      | Reached XP level 3. HP: 28/31 MP: 4/4
  1629 | D:2      | Reached XP level 4. HP: 22/38 MP: 6/6
  1871 | D:2      | Reached skill level 1 in Dodging
  2251 | D:2      | Found a snail-covered altar of Cheibriados.
  2307 | D:2      | Found a bloodstained altar of Trog.
  2493 | D:3      | Reached ** piety under Lugonu
  2648 | D:3      | Reached XP level 5. HP: 15/45 MP: 7/7
  2675 | D:3      | Slain by a river rat

Skill      XL: |  1  2  3  4 |
---------------+-------------+-----
Axes           | 2 3 |  3.1
Armour         | 2 |  2.2
Dodging        | 1 |  1.2
Invocations    | 3 |  3.1
Fighting       | |  3.6

Action                   |  1- 3 |  4- 6 || total
-------------------------+-------+-------++-------
Melee: Hand axe          |   100 |    71 ||   171
       Kick              |     9 |    16 ||    25
Invok: Depart the Abyss  |     1 |       ||     1
  Use: Scroll            |     6 |     1 ||     7
  Eat: Chunk             |     1 |     3 ||     4
Armor: Leather armour    |    51 |    22 ||    73
Dodge: Dodged            |    82 |    39 ||   121
